 Dungeon Crawl Stone Soup version 0.31-a0-259-g771a54ca4b (webtiles) character file.

Game seed: 13655579407698338397

49 qw the Shooter (level 3, 0/29 HPs)
             Began as a Minotaur Hexslinger on July 13, 2023.
             Frozen to death by an endoplasm (3 damage)
             ... on level 1 of the Dungeon.
             The game lasted 00:00:27 (722 turns).

qw the Shooter (Minotaur Hexslinger)                 Turns: 722, Time: 00:00:28

Health: 0/29       AC:  5    Str: 12    XL:     3   Next: 51%
Magic:  3/3        EV: 12    Int: 10    God:
Gold:   19         SH:  0    Dex: 14    Spells: 3/4 levels left

rFire   . . .        Y - +1 sling
rCold   . . .        (no shield)
rNeg    + . .        i - +2 leather armour {rN+}
rPois   .            (helmet restricted)
rElec   .            (no cloak)
rCorr   .            (no gloves)
SInv    .            (no boots)
Will    .....        (no amulet)
Stlth   +            (no ring)
HPRegen 0.24/turn    (no ring)
MPRegen 0.08/turn

%: no passive effects
@: weak-willed
A: horns 2, retaliatory headbutt
a: no special abilities


You were on level 1 of the Dungeon.
You visited 1 branch of the dungeon, and saw 2 of its levels.

You collected 19 gold pieces.


Innate Abilities, Weirdness & Mutations

You have a pair of horns on your head.
You reflexively headbutt those who attack you in melee.


   Skills:
 - Level 2.0 Fighting
 + Level 4.1 Ranged Weapons
 - Level 2.1 Dodging
 - Level 1.0 Spellcasting
 - Level 2.0 Hexes


You had 3 spell levels left.
You knew the following spells:

 Your Spells              Type           Power      Damage    Failure   Level
a - Slow                  Hex            16%        N/A       19%         1

Your spell library contained the following spells:

 Spells                   Type           Power      Damage    Failure   Level
 Inner Flame              Hex/Fire       2%         N/A       65%         3
 Portal Projectile        Hex/Tloc       4%         N/A       65%         3
 Cause Fear               Hex            2%         N/A       88%         4

Inventory:

Hand Weapons
 Y - a +1 sling (weapon)
Armour
 i - a +2 leather armour of positive energy (worn)
Potions
 g - a potion of berserk rage {unknown}

Dungeon Overview and Level Annotations

Branches:
Dungeon (2/15)

Altars:


Message History

The worm is lightly wounded.
The endoplasm freezes you.
You are frozen.
The worm bites you.
You shoot a sling bullet.
The sling bullet hits the worm but does no damage.
The worm is lightly wounded.
The endoplasm freezes you.
You are frozen.
The worm closely misses you. The endoplasm closely misses you.
You shoot a sling bullet.
The sling bullet barely misses the worm.
The endoplasm barely misses you.
You shoot a sling bullet. The sling bullet hits the worm.
The worm is lightly wounded.
The endoplasm hits you. The worm bites you.
You shoot a sling bullet. The sling bullet hits the worm.
The worm is moderately wounded.
The endoplasm freezes you.
You are frozen.
The worm completely misses you.
You shoot a sling bullet.
The sling bullet barely misses the worm.
The endoplasm hits you but does no damage.
The endoplasm barely misses you.
You shoot a sling bullet. The sling bullet hits the worm.
The worm is heavily wounded.
The worm misses you. The endoplasm closely misses you.
You shoot a sling bullet. The sling bullet hits the worm.
The worm is severely wounded.
The endoplasm freezes you.
You are frozen.
The worm bites you but does no damage.
You shoot a sling bullet. The sling bullet hits the worm.
The worm is severely wounded.
The endoplasm misses you. The worm closely misses you.
You shoot a sling bullet. The sling bullet hits the worm.
You kill the worm!
The endoplasm closely misses you. The endoplasm misses you.
You shoot a sling bullet. The sling bullet hits the endoplasm.
The endoplasm is heavily wounded.
The endoplasm freezes you.
You are frozen.
You die...

####################
#........##....)....
#.##........########
#######.##.###.#..#.......
#.......##.# #.#....#####.
##......##.###.#....#...#.
#..#.........)%..........
#..##..#.J?...###########
#..#....@......#....## ##
#..##.##.......#PP.P.###P
#..##.........%'......_PP
#..##....#.....#....P###P
#..##..........#....## ##
#..............##########
#.............########.#.
#.###.##....#............
#.###.##.......#######...


You could see an endoplasm.

Vanquished Creatures
  A worm (D:1)
  3 dart slugs (D:1)
  A bat (D:1)
  3 endoplasms (D:1)
  3 goblins (D:1)
  8 hobgoblins
  4 jackals (D:1)
  A quokka (D:1)
  2 ball pythons (D:1)
  2 frilled lizards (D:1)
  4 kobolds
  4 rats
36 creatures vanquished.

Notes
Turn   | Place    | Note
-------+----------+-------------------------------------------
     0 | D:1      | qw the Minotaur Hexslinger began the quest for the Orb.
     0 | D:1      | Reached XP level 1. HP: 16/16 MP: 1/1
     0 | D:1      | 0 ||| qw: Version: 0.3-a-52-g30416fa
     0 | D:1      | 0 ||| qw: Game counter: 6941
     0 | D:1      | 0 ||| qw: Melee chars always use a shield: true
     0 | D:1      | 0 ||| qw: God list: Okawaru
     0 | D:1      | 0 ||| qw: Allow faded altars: false
     0 | D:1      | 0 ||| qw: Do Orc after clearing Dungeon:15 true
     0 | D:1      | 0 ||| qw: Do second Lair branch before Depths: true
     0 | D:1      | 0 ||| qw: Lair rune preference: random
     0 | D:1      | 0 ||| qw: Goals: Normal
     0 | D:1      | 0 ||| PLANNING D:1-11
    86 | D:1      | Reached skill level 3 in Ranged Weapons
    86 | D:1      | Reached XP level 2. HP: 23/23 MP: 2/2
   247 | D:1      | Found a faded altar of an unknown god.
   254 | D:1      | 254 ||| FLEEEEING.
   255 | D:1      | 255 ||| FLEEEEING.
   256 | D:1      | 256 ||| FLEEEEING.
   257 | D:1      | 257 ||| FLEEEEING.
   295 | D:1      | Reached XP level 3. HP: 28/29 MP: 3/3
   669 | D:1      | 669 ||| UPGRADING to +0 ring mail.
   679 | D:1      | 679 ||| DROPPING +0 robe.
   680 | D:1      | 680 ||| UPGRADING to +2 leather armour of positive energy.
   690 | D:1      | 690 ||| DROPPING +0 ring mail.
   691 | D:1      | 691 ||| READING scroll labelled URARGH HAUTHEU.
   692 | D:1      | 692 ||| READING scroll labelled QINUZX REMEYN.
   693 | D:1      | 693 ||| READING scroll labelled ZAPI HOAGI.
   698 | D:1      | 698 ||| DROPPING scroll of poison.
   706 | D:2      | Reached skill level 4 in Ranged Weapons
   709 | D:2      | 709 ||| STAIRDANCE
   715 | D:1      | HP: 4/29 [worm (6)]
   722 | D:1      | Frozen to death by an endoplasm

Levels and vault maps discovered:
D:1:      dpeg_arrival_water_temple_mockup, layout_basic,
          shapermc_ecumenical_altar_flowoftime, serial_forest,
          infiniplex_forest_lined_corner, infiniplex_forest_lined_room_2,
          infiniplex_forest_clump_medium, infiniplex_forest_end_3,
          infiniplex_forest_clump_cross, infiniplex_forest_diagonal,
          minmay_misc_feat_four_crosses
D:2:      layout_basic, minmay_three_crescents, uniq_robin

Skill      XL: |  1  2  3 |
---------------+----------+-----
Ranged Weapons | 3 4 |  4.1
Fighting       | 2 |  2.0
Dodging        | |  2.1
Spellcasting   | |  1.0
Hexes          | |  2.0

Action                     || total
---------------------------++-------
   Fire: Sling             ||   110
    Use: Scroll            ||     3
 Armour: Robe              ||     4
         Leather armour    ||     4
  Dodge: Dodged            ||    35

Table legend:
 A = Non-vault XP
 B = Vault XP
 C = Vault XP percentage of total XP
 D = Non-vault monster count
 E = Vault monster count
 F = Vault count percentage of total count
                 A         B        C        D         E       F
            +---------+---------+-------+---------+---------+-------
      Total |      70 |       0 |   0.0 |      36 |       0 |   0.0
            +---------+---------+-------+---------+---------+-------
        D:1 |      66 |       0 |   0.0 |      33 |       0 |   0.0
        D:2 |       4 |       0 |   0.0 |       3 |       0 |   0.0
            +---------+---------+-------+---------+---------+-------
